 Dungeon Crawl Stone Soup version 0.18-a0-717-g59c076b (webtiles) character file.

367 Mindmaker the Cudgeler (level 6, -1/55 HPs)
             Began as an Ogre Chaos Knight on Dec 8, 2015.
             Killed by divine providence
             ... invoked by an orc priest
              (10 damage)
             ... on level 4 of the Dungeon.
             The game lasted 00:14:17 (3806 turns).

Mindmaker the Cudgeler (Ogre Chaos Knight)          Turns: 3806, Time: 00:14:18

Health: -1/55      AC:  7    Str: 18    XL:     6   Next: 69%
Magic:  6/6        EV: 11    Int:  9    God:    Xom [...*..]
Gold:   41         SH:  0    Dex: 11    Spells: 0 memorised, 5 levels left

rFire  . . .     SeeInvis .     a - +0 mace (chaos)
rCold  . . .     Clarity  .     b - +2 robe
rNeg   . . .     SustAt   .     (no shield)
rPois  .         Gourm    .     (helmet restricted)
rElec  .         Spirit   .     j - +1 cloak
rCorr  .         Dismiss  .     (gloves unavailable)
rMut   .         Stasis   .     (boots unavailable)
MR     .....                    (no amulet)
Stlth  +.........               (no ring)
                                m - ring of flight

@: very slightly contaminated, hasted, very quick, not resistant to hostile
enchantments, very unstealthy
A: unfitting armour, dopey 1, frail 1, tough skin 1
a: Renounce Religion, Evoke Flight


You were on level 4 of the Dungeon.
You worshipped Xom.
You were a favourite toy of Xom.
You were hungry.

You visited 1 branch of the dungeon, and saw 4 of its levels.

You collected 41 gold pieces.

Inventory:

Hand Weapons
 a - a +0 mace of chaos (weapon)
 i - a +0 blowgun
Missiles
 k - 3 curare-tipped needles
 n - 17 poisoned needles
Armour
 b - a +2 robe (worn)
 j - a +1 cloak (worn)
Jewellery
 m - a ring of flight (left hand)
Wands
 r - a wand of teleportation (4)
Scrolls
 g - a scroll of fear
Comestibles
 c - 3 bread rations
 f - a beef jerky
 h - a meat ration
 o - 3 slices of pizza
 q - a royal jelly


   Skills:
 - Level 4.0 Fighting
 + Level 6.5 Maces & Flails
 - Level 5.3 Dodging


You had 5 spell levels left.
You didn't know any spells.

Dungeon Overview and Level Annotations

Branches:
Dungeon (4/15)
 Temple: D:4-7

Altars:
Gozag
The Shining One

Shops:
D:3 *

Annotations:
D:4 Duvessa; Eustachio; P0WERM0DE's ghost, amateur DsCK


Innate Abilities, Weirdness & Mutations

You are too large for most types of armour.
You have tough skin (AC +1).
You are dopey. (Int -2)
You are frail (-10% HP).


Message History

You closely miss P0WERM0DE's ghost.
P0WERM0DE's ghost hits you but does no damage.
You closely miss P0WERM0DE's ghost.
An orc priest comes into view. It is wielding a dagger.
You closely miss P0WERM0DE's ghost.
The orc priest shouts!
P0WERM0DE's ghost hits you!
You miss P0WERM0DE's ghost. You closely miss P0WERM0DE's ghost.
P0WERM0DE's ghost hits you.
* * * LOW HITPOINT WARNING * * *
You miss P0WERM0DE's ghost. P0WERM0DE's ghost hits you!
* * * LOW HITPOINT WARNING * * *
You emit a cloud of colourful smoke!
You hit P0WERM0DE's ghost but do no damage.
P0WERM0DE's ghost seems to slow down.
You miss P0WERM0DE's ghost.
The orc priest mumbles some strange prayers to Beogh against you.
Something smites you!
You die...
Xom chortles!

#..........#
#..........#
#..........#
#..........#
#..........#
#..........#
#........###
###.§#########
#.§§@Wolo...
#.#######.)..
#.# . #.# #.#
#.# ..


You could see an orc priest, P0WERM0DE's ghost, an orc and a giant gecko.

Vanquished Creatures
  A water moccasin skeleton (D:4)
  Dowan (D:4)
  An orc priest (D:3)
  Robin (D:2)
  6 adders
  3 worms
  8 orcs (D:3)
  6 bats
  5 giant cockroaches (D:3)
  11 goblins
  10 hobgoblins
  3 jackals
  5 kobolds
  A quokka (D:2)
  A ball python (D:3)
  A giant gecko (D:2)
  A goblin skeleton (D:4)
  A hobgoblin zombie (D:4)
  A kobold zombie (D:4)
  9 rats
76 creatures vanquished.

Vanquished Creatures (collateral kills)
  A sky beast (D:3)
1 creature vanquished.

Grand Total: 77 creatures vanquished

Notes
Turn   | Place    | Note
--------------------------------------------------------------
     0 | D:1      | Mindmaker the Ogre Chaos Knight began the quest for the Orb.
     0 | D:1      | Reached XP level 1. HP: 24/24 MP: 1/1
   153 | D:1      | XOM: butterfly on damage
   156 | D:1      | Reached XP level 2. HP: 14/32 MP: 2/2
   558 | D:1      | Reached skill level 5 in Maces & Flails
   979 | D:1      | XOM: medium Ice miscast
  1106 | D:2      | Reached XP level 3. HP: 29/39 MP: 3/3
  1114 | D:2      | XOM: 3-stop teleportation journey
  1313 | D:2      | XOM: fake destruction
  1438 | D:2      | XOM is BORED!
  1438 | D:2      | XOM: give mutations
  1438 | D:2      | Gained mutation: You are dopey. (Int -2) [Xom's mischief]
  1438 | D:2      | Gained mutation: You are frail (-10% HP). [Xom's mischief]
  1505 | D:2      | XOM: polymorph kobold -> bat
  1550 | D:2      | XOM: divination: detect items
  1665 | D:2      | Reached skill level 6 in Maces & Flails
  1708 | D:2      | Reached XP level 4. HP: 40/43 MP: 4/4
  1717 | D:2      | XOM: potion effect (curing)
  1912 | D:2      | Noticed Robin
  1922 | D:2      | Killed Robin
  2358 | D:3      | XOM: mild Air miscast
  2604 | D:3      | XOM: butterfly on damage
  2787 | D:3      | Noticed a sky beast
  2788 | D:3      | Found an opulent altar of Gozag.
  2793 | D:3      | XOM: swap monsters
  2811 | D:3      | Found Gozag's Platinum Reserve.
  2824 | D:3      | XOM: summons 2 friendly demons
  2832 | D:3      | Killed a sky beast
  2832 | D:3      | Reached XP level 5. HP: 18/48 MP: 5/5
  3373 | D:3      | Reached XP level 6. HP: 44/55 MP: 6/6
  3524 | D:3      | Reached skill level 5 in Dodging
  3580 | D:3      | XOM: god gift: ivory wand {god gift}
  3632 | D:4      | Noticed Eustachio
  3633 | D:4      | Found a glowing golden altar of the Shining One.
  3718 | D:4      | Noticed Duvessa
  3719 | D:4      | Noticed Dowan
  3726 | D:4      | XOM: confuse monster(s)
  3731 | D:4      | XOM: enchant monster (bad)
  3735 | D:4      | Killed Dowan
  3791 | D:4      | Noticed P0WERM0DE's ghost (amateur DsCK)
  3798 | D:4      | XOM: polymorph orc -> giant gecko
  3804 | D:4      | XOM: smoke on damage
  3806 | D:4      | Killed from afar by an orc priest

Vault maps used:
D:1:      nicolae_arrival_washed_ashore, kennysheep_another_room, minmay_unequal
D:2:      uniq_robin
D:3:      nicolae_gozag_zags_fifth_avenue
D:4:      nicolae_overflow_crystal_walls, nicolae_tso_besieged_by_evil,
          serial_shops, shop_coins, uniq_eustachio, uniq_grinder, uniq_duvessa

Action                   |  1- 3 |  4- 6 || total
-------------------------+-------+-------++-------
Melee: Mace              |   114 |   209 ||   323
Evoke: Wand              |       |     1 ||     1
  Use: Scroll            |       |    12 ||    12
       Potion            |       |     4 ||     4
 Stab: Paralysed         |     1 |     1 ||     2
       Petrifying        |       |     2 ||     2
       Confused          |       |     1 ||     1
  Eat: Chunk             |     2 |     7 ||     9
